 Dungeon Crawl Stone Soup version 0.18-a0-1225-g5d63bca (webtiles) character file.

14231 M4edhros the Slinger (level 12, -1/79 HPs)
             Began as an Octopode Artificer on Feb 3, 2016.
             Was a Priest of Fedhas.
             Killed from afar by a fire drake (29 damage)
             ... with a blast of flame
             ... on level 2 of the Lair of Beasts.
             The game lasted 00:43:57 (15830 turns).

M4edhros the Slinger (Octopode Artificer)          Turns: 15830, Time: 00:43:57

Health: -1/79      AC:  8    Str:  6 (8)  XL:     12   Next: 14%
Magic:  28/28      EV: 14    Int: 12 (13) God:    Fedhas [***...]
Gold:   841        SH: 18    Dex: 16      Spells: 0 memorised, 11 levels left

rFire  . . .     SeeInvis .     J - +4 flail (chaos)
rCold  . . .     Gourm    .     P - +6 large shield of Ignorance {rN+ AC+2 EV+2 Int-6 *Curse}
rNeg   + . .     Faith    .     (helmet restricted)
rPois  .         Spirit   .     M - amulet of rage
rElec  .         Dismiss  .     A - ring of magical power
rCorr  .         Reflect  .     a - +2 ring of dexterity
SustAt .         Harm     .     (no ring)
MR     .....     Clarity  +     (no ring)
Stlth  ++++......               (no ring)
                                (no ring)
                                (no ring)
                                (no ring)

@: not resistant to hostile enchantments, stealthy
A: almost no armour, amphibious, 8 rings, constrict 8, molten scales 1, rough
black scales 1, camouflage 1, agile 1, clarity, deterioration 1, screaming 1,
weak 1, gelatinous body 1
a: Evolution, Sunlight, Growth, Renounce Religion, Evoke Berserk Rage


You were on level 2 of the Lair of Beasts.
You worshipped Fedhas.
Fedhas was most pleased with you.
You were very hungry.

You visited 4 branches of the dungeon, and saw 17 of its levels.

You collected 871 gold pieces.
You spent 30 gold pieces at shops.

Inventory:

Hand Weapons
 h - a +0 hunting sling
 w - a +1 short sword of protection
 J - a +4 flail of chaos (weapon)
 K - a +1 flail of protection
 X - a +0 blowgun
Missiles
 e - 241 stones (quivered)
 Y - 4 curare-tipped needles
Armour
 P - the +6 large shield of Ignorance (worn) {rN+ AC+2 EV+2 Int-6 *Curse}
   (You found it on level 11 of the Dungeon)

   It affects your AC (+2).
   It affects your evasion (+2).
   It affects your intelligence (-6).
   It protects you from negative energy.
   It may re-curse itself when equipped.
Jewellery
 a - a +2 ring of dexterity (right tentacle)
 A - a ring of magical power (left tentacle)
 M - an amulet of rage (around mantle)
 Q - an uncursed ring of teleportation
Wands
 d - a wand of polymorph (13/24)
 o - a wand of slowing (11/48)
 p - a wand of flame (17/48)
 H - a wand of disintegration (18/24)
 I - a wand of digging (16/24)
 S - a wand of acid (9/15)
Scrolls
 i - 3 scrolls of teleportation
 m - 2 scrolls of magic mapping
 x - a scroll of vulnerability {unknown}
 B - 3 scrolls of remove curse
 C - a scroll of fog
 E - a scroll of recharging
 F - a scroll of enchant weapon
 T - a scroll of identify
Potions
 n - 2 potions of lignification
 u - 2 potions of might
 z - a potion of invisibility
 D - 2 potions of agility
 U - a potion of berserk rage
 Z - a potion of cancellation
Miscellaneous
 g - a phantom mirror
 j - a lantern of shadows
 W - a lamp of fire (inert)
Comestibles
 f - 7 bread rations
 l - 3 beef jerkies
 q - a meat ration
 L - 5 fruits
 N - a royal jelly


   Skills:
 + Level 6.1 Fighting
 - Level 1.0 Short Blades
 - Level 12.1 Slings
 + Level 6.2 Dodging
 * Level 4.0 Stealth
 * Level 5.6 Shields
 - Level 10.4 Invocations
 - Level 5.5 Evocations


You had 11 spell levels left.
You didn't know any spells.

Dungeon Overview and Level Annotations

Branches:
Dungeon (13/15)            Temple (1/1) D:4            Lair (2/8) D:10
    Orc (1/2) D:10
 Vaults: D:13-14

Altars:
Ashenzari
Dithmenos
Elyvilon
Fedhas
Gozag
Kikubaaqudgha
Nemelex Xobeh
Okawaru
Pakellas
Qazlal
Ru
Trog
Vehumet
Xom
Yredelemnul
Zin
The Shining One

Shops:
D:9 }   D:10 :   D:11 *

Annotations:
D:9 George's ghost, novice MiFi
D:13 Snorg
Orc:1 Urug


Innate Abilities, Weirdness & Mutations

You cannot wear most types of armour.
You are amphibious.
You can wear up to eight rings at the same time.
You can use your tentacles to constrict eight enemies at once.
Your skin changes colour to match your surroundings (Stealth).
Your rubbery body absorbs attacks (AC +1).
You are partially covered in molten scales (AC +1).
You are partially covered in rough black scales (AC +4, Dex -1).
You are agile. (Dex +2)
You possess an exceptional clarity of mind.
Your body sometimes deteriorates upon taking damage.
You occasionally shout uncontrollably at your foes.
You are weak. (Str -2)


Message History

You constrict the sheep, but do no damage.
Your wandering mushroom releases spores at the sheep!
The sheep dies!
The fire drake breathes flames at you.
The blast of flame hits the sheep.
The blast of flame hits you!
Unknown command.
Unknown command.
You hit the sheep. You grab the sheep.
The sheep is lightly wounded.
You constrict the sheep.
Your fire elemental barely misses the fire drake.
Your wandering mushroom releases spores at the sheep!
The sheep is engulfed in a cloud of spores!
The fire drake breathes flames at you.
The blast of flame hits the sheep.
The sheep dies!
The blast of flame hits you!
You die...
Xom yawns loudly!
Fedhas appreciates your contribution to the ecosystem.

....#.....#÷.#
....###..#...#
.8.###...##.##
...##...##..##
........###.P#
......#...#.##
.............#####
...###...........#
.8.# #####.P###f@#
.#.# #### ##†##
.#.. #..## .##.
#kY.# . .
#.E......#
.....§......P.#
...........!...
..........###.##
......§<..# #


You could see a fire drake, a sheep, a friendly wandering mushroom and a
friendly fire elemental.

Vanquished Creatures
  Erolcha (D:8)
  Erica (D:8)
  2 cyclopes (D:12)
  2 trolls
  A merfolk (D:10)
  A two-headed ogre (D:8)
  Prince Ribbit (D:8)
  A shadow (D:9)
  Sigmund (D:3)
  6 yaks
  A hippogriff (D:11)
  A hungry ghost (D:11)
  2 water moccasins
  2 porcupines
  An ice beast (D:10)
  A sky beast (D:9)
  2 black bears
  3 eyes of draining
  8 ogres
  6 centaurs
  3 crocodiles
  4 giant frogs
  2 gnoll sergeants
  3 scorpions
  2 killer bees
  A wight (D:7)
  4 jellies
  5 crimson imps
  A hound (D:10)
  A quasit (D:6)
  A giant frog skeleton (D:13)
  4 orc priests
  6 orc wizards
  3 centaur skeletons
  4 iguanas
  4 worker ants
  3 sheep (Lair:2)
  3 hound skeletons
  5 gnolls
  16 adders
  An ooze (D:2)
  4 adder skeletons
  2 worms (D:2)
  2 giant geckos
  27 orcs
  7 giant cockroaches
  6 goblins
  7 hobgoblins
  19 jackals
  18 kobolds
  6 quokkas
  7 bats
  4 giant newts
  6 rats
  A toadstool (D:10)
236 creatures vanquished.

Vanquished Creatures (collateral kills)
  A dancing weapon (D:13)
  Sonja (Lair:1)
  An unseen horror (D:10)
  A hill giant (D:10)
  An ugly thing (D:12)
  An elephant (D:9)
  A gargoyle (D:10)
  2 spiny frogs
  A centaur skeleton (D:8)
  A komodo dragon (Lair:1)
  2 trolls
  2 two-headed ogres
  2 wraiths
  A wyvern (D:12)
  A steam dragon (D:10)
  3 yaks
  2 hippogriffs
  A hungry ghost (D:8)
  2 water moccasins
  2 sky beasts
  An ice beast (D:9)
  13 orc warriors
  4 ogres
  2 phantoms
  3 big kobolds
  A wyvern skeleton (D:9)
  A scorpion (D:8)
  4 wights (D:7)
  6 killer bees
  A quasit (D:8)
  A gnoll shaman (D:7)
  A jelly (D:7)
  A hound (D:8)
  6 orc priests
  3 orc wizards
  A giant frog skeleton (D:4)
  An iguana (D:9)
  A worker ant (D:8)
  3 sheep (Lair:2)
  A hound skeleton (D:9)
  8 gnolls
  22 orcs
  A goblin (D:3)
  2 jackals
  4 kobolds
121 creatures vanquished.

Vanquished Creatures (others)
  A troll (Orc:1)
  21 wandering mushrooms
  A human (D:7)
  A necrophage (D:8)
  A killer bee (D:10)
  A killer bee zombie (D:7)
  A sheep (Lair:2)
  A worker ant zombie (D:5)
  A gnoll (D:10)
  A jackal (D:3)
  A fungus (Lair:2)
  229 toadstools
260 creatures vanquished.

Grand Total: 617 creatures vanquished

Notes
Turn   | Place    | Note
--------------------------------------------------------------
     0 | D:1      | M4edhros the Octopode Artificer began the quest for the Orb.
     0 | D:1      | Reached XP level 1. HP: 13/13 MP: 3/3
   532 | D:1      | Reached XP level 2. HP: 18/18 MP: 4/4
   711 | D:2      | Reached skill level 1 in Slings
   975 | D:3      | Reached XP level 3. HP: 23/23 MP: 5/5
  1024 | D:3      | Noticed Sigmund
  1154 | D:3      | Found a bloodstained altar of Trog.
  1155 | D:3      | Noticed an eye of draining
  1579 | D:4      | Reached XP level 4. HP: 28/28 MP: 6/6
  2169 | D:4      | Reached skill level 4 in Slings
  2169 | D:4      | Reached XP level 5. HP: 7/33 MP: 7/7
  2469 | D:4      | Found a staircase to the Ecumenical Temple.
  2483 | Temple   | Entered the Ecumenical Temple
  2524 | Temple   | Became a worshipper of Xom the Fickle
  2539 | Temple   | Fell from the grace of Xom
  2539 | Temple   | Became a worshipper of Fedhas Madash
  2671 | D:3      | Killed Sigmund
  2671 | D:3      | Reached skill level 5 in Slings
  2671 | D:3      | Reached XP level 6. HP: 8/38 MP: 8/8
  3098 | D:2      | XOM: summons 4 hostile shadow creatures
  3318 | D:1      | XOM: summons 5 hostile shadow creatures
  3593 | D:1      | XOM: medium Tloc miscast
  3914 | D:2      | Reached * piety under Fedhas
  4147 | D:2      | Reached skill level 1 in Invocations
  4249 | D:3      | Reached skill level 6 in Slings
  4299 | D:3      | XOM: stat loss: -1 Int (16/17)
  4702 | D:3      | Killed an eye of draining
  4702 | D:3      | Reached XP level 7. HP: 43/43 MP: 0/9
  5046 | D:4      | XOM: give mutations
  5046 | D:4      | Gained mutation: You are partially covered in rough black scales (AC +4, Dex -1). [Xom's mischief]
  5046 | D:4      | Gained mutation: Your magical capacity is low (-10% MP). [Xom's mischief]
  5046 | D:4      | Lost mutation: Your magical capacity is low (-10% MP). [Xom's mischief]
  5177 | D:5      | Entered Level 5 of the Dungeon
  5310 | D:5      | Reached ** piety under Fedhas
  5393 | D:5      | Found a stormy altar of Qazlal.
  5492 | D:5      | Found a sacrificial altar of Ru.
  5533 | D:5      | Found a shattered altar of Ashenzari.
  5580 | D:5      | XOM: polymorph wandering mushroom -> oklob plant
  5672 | D:5      | Reached skill level 7 in Slings
  5868 | D:6      | Found a glowing golden altar of the Shining One.
  5871 | D:6      | Found an ancient bone altar of Kikubaaqudgha.
  5873 | D:6      | Found a shadowy altar of Dithmenos.
  5888 | D:6      | Found an oddly glowing altar of Pakellas.
  6022 | D:6      | XOM: summons 3 hostile shadow creatures
  6132 | D:6      | XOM: medium Pois miscast
  6273 | D:6      | Reached XP level 8. HP: 37/48 MP: 11/11
  6396 | D:6      | XOM: give mutations
  6396 | D:6      | Gained mutation: Your body sometimes deteriorates upon taking damage. [Xom's mischief]
  6396 | D:6      | Gained mutation: Your body often deteriorates upon taking damage. [Xom's mischief]
  6520 | D:6      | Reached skill level 5 in Invocations
  6731 | D:7      | Found an ancient bone altar of Kikubaaqudgha.
  6783 | D:7      | Lost mutation: Your body often deteriorates upon taking damage. [potion of cure mutation]
  6783 | D:7      | Lost mutation: Your body sometimes deteriorates upon taking damage. [potion of cure mutation]
  6829 | D:7      | Reached skill level 8 in Slings
  7178 | D:7      | XOM: mild Summ miscast
  7342 | D:8      | Reached XP level 9. HP: 22/53 MP: 12/14
  7378 | D:8      | Reached skill level 9 in Slings
  7531 | D:8      | XOM: 6-stop teleportation journey
  7555 | D:8      | Noticed Prince Ribbit
  7576 | D:8      | Killed Prince Ribbit
  7607 | D:8      | XOM: medium Ice miscast
  7734 | D:8      | XOM: chaos upgrade
  7919 | D:8      | Found a basalt altar of Yredelemnul.
  8031 | D:8      | Noticed a two-headed ogre
  8035 | D:8      | Killed a two-headed ogre
  8036 | D:8      | Noticed Erolcha
  8043 | D:8      | Killed Erolcha
  8043 | D:8      | Reached skill level 10 in Slings
  8044 | D:8      | Noticed Erica
  8056 | D:8      | Killed Erica
  8056 | D:8      | Reached XP level 10. HP: 25/58 MP: 17/17
  8403 | D:9      | Gained mutation: You are partially covered in molten scales (AC +1). [mutagenic meat]
  8404 | D:9      | Gained mutation: Your body sometimes deteriorates upon taking damage. [mutagenic meat]
  8406 | D:9      | Gained mutation: You are partially covered in icy blue scales (AC +1). [mutagenic meat]
  8408 | D:9      | Gained mutation: You have supernaturally acute eyesight. [mutagenic meat]
  8439 | D:9      | Noticed an elephant
  8439 | D:9      | a troll changed into an elephant
  8439 | D:9      | XOM: polymorph troll -> elephant
  8442 | D:9      | Killed an elephant
  8442 | D:9      | Reached skill level 11 in Slings
  8442 | D:9      | Reached skill level 10 in Invocations
  9075 | D:9      | XOM: medium Ice miscast
  9215 | D:9      | XOM: noise
  9240 | D:9      | XOM: medium Hex miscast
  9614 | D:9      | XOM: noise
  9764 | D:9      | Noticed George's ghost (novice MiFi)
 10108 | D:9      | Found Veracija's Gadget Boutique.
 10261 | D:10     | Entered Level 10 of the Dungeon
 10432 | D:10     | XOM: medium Chrm miscast
 10605 | D:10     | Noticed a hill giant
 10617 | D:10     | Killed a hill giant
 10687 | D:10     | Noticed an unseen horror
 10688 | D:10     | Killed an unseen horror
 10702 | D:10     | Noticed a gargoyle
 10709 | D:10     | Killed a gargoyle
 10722 | D:10     | Reached XP level 11. HP: 37/67 MP: 18/18
 11316 | D:10     | Found a staircase to the Orcish Mines.
 11424 | D:10     | XOM: give mutations
 11424 | D:10     | Lost mutation: You have supernaturally acute eyesight. [Xom's mischief]
 11424 | D:10     | Gained mutation: Scrolls take you a little longer to read. [Xom's mischief]
 11424 | D:10     | Gained mutation: You are weak. (Str -2) [Xom's mischief]
 11424 | D:10     | Lost mutation: You are partially covered in icy blue scales (AC +1). [Xom's mischief]
 11424 | D:10     | Lost mutation: Scrolls take you a little longer to read. [Xom's mischief]
 11677 | D:10     | Found Kuubav's Book Emporium.
 11702 | D:10     | Reached skill level 5 in Evocations
 11706 | D:10     | Gained mutation: You are agile. (Dex +2) [mutagenic meat]
 11707 | D:10     | Gained mutation: You occasionally shout uncontrollably at your foes. [mutagenic meat]
 11761 | D:10     | Found a staircase to the Lair.
 11800 | D:10     | Reached skill level 12 in Slings
 11872 | D:10     | Reached *** piety under Fedhas
 12090 | Orc:1    | Entered Level 1 of the Orcish Mines
 12329 | Orc:1    | XOM: medium Hex miscast
 12489 | Orc:1    | Noticed Urug
 12506 | D:10     | Reached skill level 5 in Dodging
 12821 | D:11     | XOM: medium Chrm miscast
 13039 | D:11     | Reached skill level 1 in Shields
 13095 | D:11     | Found Huvo's General Store.
 13105 | D:11     | Bought a scroll of identify for 30 gold pieces
 13376 | D:11     | XOM: mild Chrm miscast
 13448 | D:11     | XOM: medium Tloc miscast
 13817 | D:12     | Gained mutation: You possess an exceptional clarity of mind. [potion of beneficial mutation]
 13823 | D:12     | Noticed a cyclops
 13834 | D:12     | Reached skill level 5 in Fighting
 13845 | D:12     | Killed a cyclops
 13957 | D:11     | XOM: mild Air miscast
 13957 | D:11     | Was forgiven by Xom
 14442 | D:12     | Noticed a cyclops
 14463 | D:12     | Killed a cyclops
 14768 | D:12     | Noticed a green ugly thing
 14783 | D:12     | Killed a green ugly thing
 14858 | D:13     | Noticed an enchanted long sword
 14858 | D:13     | Noticed Snorg
 14906 | D:13     | Killed an enchanted long sword
 15036 | Lair:1   | Entered Level 1 of the Lair of Beasts
 15036 | Lair:1   | Noticed Sonja
 15044 | Lair:1   | Killed Sonja
 15111 | Lair:1   | Reached skill level 5 in Shields
 15114 | Lair:1   | Reached XP level 12. HP: 53/78 MP: 19/19
 15830 | Lair:2   | Killed from afar by a fire drake

Vault maps used:
D:1:      roderic_octagonal_star
D:2:      grunt_ministairs_7
D:3:      wad_floor_pattern_1, grunt_ministairs_5, trog_eyes_of_draining,
          uniq_sigmund
D:4:      minmay_temple_entry_trees, first_bread
D:5:      marbit_many_paths, nicolae_overflow_hidden_temple
D:6:      nicolae_overflow_quartered_altars, minmay_misc_feat_enclosed
D:7:      tgw_kikubaaqudgha
D:8:      lemuel_round_altar, uniq_prince_ribbit1, uniq_erolcha, uniq_erica
D:9:      serial_shops, shop_fountains
D:10:     lair_0_dummy, david_orc_2, serial_shops, shop, hangedman_fish_farm
D:11:     serial_shops, nicolae_shop_crystal
D:13:     erik_vaults_1, grunt_ministairs_2, einodemon_barbed_minivault,
          uniq_snorg
Temple:   jpeg_temple_clearing_12
Lair:1:   small_statue_intersection, st_stairs_3, bh_autumn_forest_stairs,
          uniq_sonja
Lair:2:   grunt_megastairs_5
Orc:1:    uniq_urug

Action                   |  1- 3 |  4- 6 |  7- 9 | 10-12 || total
-------------------------+-------+-------+-------+-------++-------
Melee: Short sword       |    45 |    34 |       |    41 ||   120
       Quarterstaff      |       |   110 |   181 |       ||   291
       Flail             |       |       |    15 |   348 ||   363
       Mace              |       |       |       |    29 ||    29
 Fire: Hunting sling     |    10 |       |       |   244 ||   254
Invok: Evolution         |       |     1 |     5 |    21 ||    27
       Sunlight          |       |       |     2 |     6 ||     8
 Abil: Evoke Berserk Rag |       |       |     1 |     2 ||     3
Evoke: Wand              |    15 |     8 |     2 |    36 ||    61
       Lamp of fire      |       |       |       |     1 ||     1
  Use: Potion            |     3 |       |     3 |    10 ||    16
       Scroll            |       |       |     7 |    13 ||    20
 Stab: Sleeping          |     8 |     7 |    10 |     3 ||    28
       Distracted        |       |       |     1 |     2 ||     3
       Confused          |       |       |     1 |     5 ||     6
       Petrifying        |       |       |       |     1 ||     1
       Invisible         |       |       |       |     1 ||     1
  Eat: Chunk             |     1 |       |       |     8 ||     9
       Meat ration       |       |     2 |     1 |     2 ||     5
       Royal jelly       |       |     1 |     1 |       ||     2
       Pizza             |       |     1 |       |       ||     1
       Bread ration      |       |       |     1 |     3 ||     4
       Beef jerky        |       |       |       |     1 ||     1
